 Dungeon Crawl Stone Soup version 0.31-a0-1068-g5939ac1fb6 (webtiles) character file.

Game seed: 7010327123944002880

4196 kae the Arsonist (level 10, 0/58 HPs)
             Began as a Deep Elf Fire Elementalist on Nov 23, 2023.
             Was a Priest of Vehumet.
             Killed by an exploding boulder beetle (34 damage)
             ... ignited by their inner flame
             ... on level 8 of the Dungeon.
             The game lasted 00:08:33 (8422 turns).

kae the Arsonist (Deep Elf Fire Elementalist)       Turns: 8422, Time: 00:08:34

Health: 0/58       AC: 18    Str:  5    XL:     10   Next: 8%
Magic:  26/32      EV:  8    Int: 29    God:    Vehumet [***...]
Gold:   373        SH:  0    Dex: 15    Spells: 11/24 levels left

rFire   . . .        u - staff of conjuration {!a}
rCold   . . .        (no shield)
rNeg    . . .        G - +5 scale mail "Bumez" {*Corrode Int+4 Stlth+}
rPois   +            (no helmet)
rElec   .            I - +2 cloak
rCorr   .            j - +2 pair of gloves
SInv    .            (no boots)
Will    +....        h - amulet of magic regeneration
Stlth   ++           W - ring of magical power
HPRegen 0.29/turn    P - ring of poison resistance
MPRegen 0.63/turn

%: corrode self (3%)
@: no status effects
A: no striking features
a: Renounce Religion


You were on level 8 of the Dungeon.
You worshipped Vehumet.
Vehumet was most pleased with you.
You visited 2 branches of the dungeon, and saw 9 of its levels.

You collected 433 gold pieces.
You spent 60 gold pieces at shops.


   Skills:
 + Level 4.3 Fighting
 + Level 4.3 Armour
 + Level 6.9 Dodging
 - Level 2.4 Stealth
 + Level 7.5 Spellcasting
 + Level 5.8 Conjurations
 - Level 4.0 Hexes
 * Level 9.0 Fire Magic


You had 11 spell levels left.
You knew the following spells:

 Your Spells              Type           Power      Damage    Failure   Level
a - Foxfire               Conj/Fire      100%       2x1d9     1%          1
b - Scorch                Fire           100%       2d9       1%          2
c - Inner Flame           Hex/Fire       48%        N/A       5%          3
d - Volatile Blastmotes   Fire/Tloc      74%        2d16      11%         3
e - Flame Wave            Conj/Fire      69%        2d16      11%         4

Your spell library contained the following spells:

 Spells                   Type           Power      Damage    Failure   Level
 Hailstorm                Conj/Ice       41%        3d10      21%         3
 Magic Dart               Conj           100%       1d8       2%          1
 Ignite Poison            Fire/Tmut/Pois 28%        N/A       21%         3
 Mephitic Cloud           Conj/Pois/Air  33%        N/A       28%         3
 Poisonous Vapours        Pois/Air       20%        N/A       32%         2
 Frozen Ramparts          Ice            20%        1d4       54%         3
 Sting                    Tmut/Pois      40%        1d5       65%         1
 Call Imp                 Summ           20%        N/A       80%         2
 Cigotuvi's Dreadful Rot  Necr/Pois/Air  20%        N/A       80%         2
 Olgreb's Toxic Radiance  Pois           10%        N/A       88%         4
 Freezing Cloud           Conj/Ice/Air   16%        6-21      92%         5
 Petrify                  Tmut/Erth      10%        N/A       100%        4
 Metabolic Englaciation   Hex/Ice        11%        N/A       100%        5

Inventory:

Hand Weapons
 k - a +1 whip
   (You found it on level 2 of the Dungeon)
 C - a +1 dagger of protection
   (You took it off an orc wizard on level 5 of the Dungeon)
Missiles
 f - 72 stones
 m - 11 poisoned darts
 q - 2 curare-tipped darts {=f}
 z - 8 throwing nets {=f!f}
 E - 18 boomerangs
Armour
 a - a +0 robe
 j - a +2 pair of gloves (worn)
   (You found it on level 1 of the Dungeon)
 A - a +0 pair of gloves of dexterity
   (You found it on level 5 of the Dungeon)
 G - the +5 scale mail "Bumez" (worn) {*Corrode Int+4 Stlth+}
   (You found it on level 6 of the Dungeon)

   Int+4:     It affects your intelligence (+4).
   *Corrode:  It may corrode you when you take damage.
   Stlth+:    It makes you more stealthy.
 I - a +2 cloak (worn)
   (You found it on level 6 of the Dungeon)
Magical Staves
 u - a staff of conjuration (weapon) {!a}
   (You found it on level 4 of the Dungeon)
 B - a staff of poison {!a}
   (You found it on level 5 of the Dungeon)
Jewellery
 d - a +6 ring of dexterity
   (You found it on level 7 of the Dungeon)
 g - an amulet of regeneration
   (You took it off a gnoll bouda on level 7 of the Dungeon)
 h - an amulet of magic regeneration (around neck)
   (You found it on level 3 of the Dungeon)
 D - a +6 ring of dexterity
   (You found it on level 4 of the Dungeon)
 L - a ring of flight
   (You found it on level 5 of the Dungeon)
 P - a ring of poison resistance (right hand)
   (You found it on level 5 of the Dungeon)
 S - a +6 ring of strength
   (You found it on level 4 of the Dungeon)
 W - a ring of magical power (left hand)
   (You found it on level 4 of the Dungeon)
Wands
 J - a wand of polymorph (12)
   (You took it off Joseph on level 7 of the Dungeon)
Scrolls
 c - 2 scrolls of enchant armour
 e - 2 scrolls of enchant weapon
 p - 2 scrolls of amnesia
 r - 2 scrolls of fog
 t - 2 scrolls of immolation {!r!r}
 v - a scroll of vulnerability {!r!r}
 w - a scroll of brand weapon
 y - a scroll of revelation
 F - a scroll of teleportation {@r4}
 H - a scroll of noise {!r}
Potions
 b - a potion of magic
 l - 2 potions of resistance
 n - 5 potions of curing {@q1}
 o - 4 potions of enlightenment
 s - 2 potions of might
 x - 2 potions of heal wounds {@q2}
 K - 2 potions of attraction {!q}
 M - a potion of cancellation

Dungeon Overview and Level Annotations

Branches:
Dungeon (8/15) Zot: 26978  Temple (1/1) D:4 Zot: 5968
   Lair: D:8-11

Altars:
Ashenzari
Cheibriados
Dithmenos
Elyvilon
Fedhas
Gozag
Hepliaklqana
Makhleb
Nemelex Xobeh
Okawaru
Qazlal
Sif Muna
Trog
Uskayaw
Vehumet
Wu Jian
Xom
Zin
The Shining One

Shops:
D:2 ?   D:4 :   D:6 *:

Annotations:
D:2 1 runed translucent door, Crazy Yiuf
D:7 2 transporters, Graknight's ghost, novice GrFi

.##.........#+#.
....#...........
..................
###.#......... ....
...........# .....
.###.#.......##.....
.....§§§............
#.§○@............
.....§§§............
#.......##..<..#...
###.................
...................
...............[....
..##................
## #....##.#.#....##
.... #...+......


There were no monsters in sight!


Message History

Okay, then.
Okay, then.
You're wearing all the rings you can.
Remove which one? (? for menu, Esc to cancel) < or
W - a ring of magical power; > or
S - a +6 ring of strength You remove your +6 ring of strength.
You feel weaker.
P - a ring of poison resistance (right hand)
Okay, then.
A boulder beetle comes into view.
The boulder beetle leaps!
The boulder beetle moves out of view.
Unknown command.
A boulder beetle is nearby!
A boulder beetle is nearby!
A boulder beetle is nearby!
Casting: Scorch (safe; 1% risk of failure)
Confirm with . or Enter, or press ? or * to list all spells.
Aiming: Inner Flame (dangerous; 5% risk of failure)
Press: ? - help, Dir - move target, f - boulder beetle
Aim: a boulder beetle (chance to affect: 83%)
You miscast Inner Flame.
You are very lightly contaminated with residual magic.
Nothing appears to happen. 😎 MP[-2]
You lost 2 mp, and now have 30/32 mp.
Casting: Inner Flame (dangerous; 5% risk of failure)
Confirm with . or Enter, or press ? or * to list all spells.
Aiming: Inner Flame (dangerous; 5% risk of failure)
Press: ? - help, Dir - move target, f/p - boulder beetle
Aim: a boulder beetle (chance to affect: 83%)
The boulder beetle barely resists. 😎 MP[-3]
You lost 3 mp, and now have 27/32 mp.
Casting: Inner Flame (dangerous; 5% risk of failure)
Confirm with . or Enter, or press ? or * to list all spells.
Aiming: Inner Flame (dangerous; 5% risk of failure)
Press: ? - help, Dir - move target, f/p - boulder beetle
Aim: a boulder beetle (chance to affect: 83%)
The boulder beetle is filled with an inner flame.
The boulder beetle curls into a ball and begins rolling! 😎 MP[-2]
You lost 2 mp, and now have 25/32 mp.
Casting: Inner Flame (dangerous; 5% risk of failure)
Confirm with . or Enter, or press ? or * to list all spells.
You feel a surge of power!
You conjure some foxfire!
The foxfire hits the boulder beetle but does no damage.
The foxfire hits the boulder beetle.
Flame seeps out of the boulder beetle.
Casting: Foxfire (safe; 1% risk of failure)
Confirm with . or Enter, or press ? or * to list all spells.
You feel a surge of power!
You conjure some foxfire!
The boulder beetle is engulfed in blazing flames.
Flame seeps out of the boulder beetle.
The foxfire hits the boulder beetle.
Flame seeps out of the boulder beetle.
The foxfire hits the boulder beetle but does no damage.
The boulder beetle is engulfed in blazing flames.
Flame seeps out of the boulder beetle.
The boulder beetle hits you!
The boulder beetle stops rolling and uncurls.
Your magical contamination has completely faded away. 😮 HP[-15]
You take 15 damage, and now have 43/58 hp.
MASSIVE DAMAGE!! (PAUSE)
Casting: Foxfire (safe; 1% risk of failure)
Confirm with . or Enter, or press ? or * to list all spells.
Flames lash the boulder beetle but do no damage.
The boulder beetle bites you but does no damage.
The boulder beetle bites you! 😮 HP[-11]
You take 11 damage, and now have 32/58 hp.
Unknown command.
Casting: Scorch (safe; 1% risk of failure)
Confirm with . or Enter, or press ? or * to list all spells.
Flames lash the boulder beetle.
Flame seeps out of the boulder beetle.
The boulder beetle's fire resistance burns away.
The boulder beetle is engulfed in blazing flames.
Flame seeps out of the boulder beetle.
The boulder beetle leaps!
The boulder beetle leaps! 😮 HP[+1] MP[-1]
You lost 1 mp, and now have 24/32 mp.
Unknown command.
Casting: Scorch (safe; 1% risk of failure)
Confirm with . or Enter, or press ? or * to list all spells.
Flames lash the boulder beetle.
The boulder beetle is burned terribly!
Flame seeps out of the boulder beetle. 😮 HP[+1] MP[-1]
You lost 1 mp, and now have 23/32 mp.
Unknown command.
Casting: Scorch (safe; 1% risk of failure)
Confirm with . or Enter, or press ? or * to list all spells.
Flames lash the boulder beetle.
The boulder beetle is burned terribly!
Flame seeps out of the boulder beetle.
The boulder beetle is engulfed in blazing flames.
Flame seeps out of the boulder beetle.
The boulder beetle bites you but does no damage.
The boulder beetle is engulfed in blazing flames.
Vehumet accepts your kill.
You feel your power returning.
The boulder beetle explodes!
The fiery explosion engulfs you!!
Ouch! That really hurt!
You die...

Skill      XL: |  1  2  3  4  5  6  7  8  9 10 |
---------------+-------------------------------+-----
Fighting       | 1 2 3 4 |  4.3
Fire Magic     | 4 5 6 7 8 9 |  9.0
Dodging        | 3 4 5 6 |  6.9
Conjurations   | 2 3 4 5 |  5.8
Armour         | 1 2 3 4 |  4.3
Spellcasting   | 4 5 6 7 |  7.5
Hexes          | 1 2 3 4 |  4.0
Stealth        | |  2.4

Action                     |  1- 3 |  4- 6 |  7- 9 | 10-12 || total
---------------------------+-------+-------+-------+-------++-------
  Melee: Whip              |     4 |     8 |       |       ||    12
         Staff             |       |       |     6 |       ||     6
   Cast: Foxfire           |    56 |    77 |   207 |    12 ||   352
         Scorch            |     6 |    15 |    77 |     8 ||   106
         Inner Flame       |       |     1 |     3 |     2 ||     6
         Flame Wave        |       |       |     4 |     1 ||     5
         Volatile Blastmot |       |       |       |     1 ||     1
    Use: Scroll            |       |     7 |    12 |     2 ||    21
         Potion            |       |     1 |       |       ||     1
 Armour: Robe              |    12 |    17 |    44 |       ||    73
         Scale mail        |       |       |    53 |    15 ||    68
  Dodge: Dodged            |    13 |    21 |    72 |     9 ||   115

Levels and vault maps discovered:
D:1:      giann_wishing_wells, layout_loops_cross
D:2:      layout_basic, dreamdust_ecumenical_altar_angels_and_demons,
          serial_shops, nicolae_shop_real_fake_doors,
          chequers_serial_rivers_small_b, hangedman_decor_opposing,
          minmay_misc_feat_columns, hangedman_decor_peaks_small,
          uniq_crazy_yiuf_cottage
D:3:      layout_basic
D:4:      layout_cave_pools, fedhas_altar_4, minmay_temple_entry_butterflies,
          serial_shops, kennysheep_mini, serial_column_ruins,
          column_ruins_circle_small, column_ruins_hut, column_ruins_grid_4,
          column_ruins_open_tiny, column_ruins_columns_straight,
          column_ruins_grid_4, column_ruins_columns_water,
          column_ruins_columns_water, kennysheep_nub,
          chequers_serial_rivers_large_b, nicolae_twisty_statue_hallways,
          uniq_menkaure
D:5:      layout_loops_corners, kennysheep_little_box,
          mainiacjoe_overflow_two_lobes
D:6:      layout_cave_pools, serial_gnoll_camp, gnoll_camp_mini_hut,
          gnoll_camp_mini_house, gnoll_camp_huts_moat, gnoll_camp_mini_basic,
          gnoll_camp_mini_doghouse, grunt_ministairs_4, serial_bayou_pond_e,
          st_stairs_12, minmay_misc_feat_chi, minmay_shop_damaged,
          nicolae_shop_i_like_big_books, nzn_random_ring
D:7:      layout_basic, gammafunk_ghost_berserking_beasts, uniq_joseph
D:8:      minmay_diamond_stairs, layout_basic, kennysheep_mini_moat,
          enter_bailey_5, chequers_mini_garden, uniq_erica, uniq_psyche
Temple:   hellmonk_temple_divided_pantheon

Notes
Turn   | Place    | Note
-------+----------+-------------------------------------------
     0 | D:1      | kae the Deep Elf Fire Elementalist began the quest for the
                  | Orb.
     0 | D:1      | Reached XP level 1. HP: 10/10 MP: 6/6
     0 | D:1      | magus.rc [v1.11.3]
   226 | D:1      | Reached XP level 2. HP: 15/16 MP: 5/8
   231 | D:1      | Learned a level 2 spell: Scorch
   697 | D:1      | You add the spells Cigotuvi's Dreadful Rot, Ignite Poison
                  | and Freezing Cloud to your library.
   882 | D:1      | Reached XP level 3. HP: 20/20 MP: 7/9
  1160 | D:2      | Reached skill level 1 in Fighting
  1299 | D:2      | Found a faded altar of an unknown god.
  1316 | D:2      | Reached skill level 4 in Fire Magic
  1358 | D:2      | Reached skill level 3 in Dodging
  1425 | D:2      | Reached XP level 4. HP: 25/25 MP: 8/11
  1747 | D:2      | Found a runed translucent door.
  1748 | D:2      | Noticed Crazy Yiuf
  1918 | D:2      | Found Liwiqa's Magic Scroll Shop.
  1921 | D:2      | Bought a scroll of identify for 24 gold pieces
  1921 | D:2      | Bought a scroll of teleportation for 36 gold pieces
  2653 | D:3      | Reached skill level 2 in Conjurations
  2657 | D:3      | Learned a level 3 spell: Inner Flame
  2661 | D:3      | Learned a level 3 spell: Volatile Blastmotes
  2822 | D:3      | You add the spells Sting, Poisonous Vapours and Olgreb's
                  | Toxic Radiance to your library.
  3110 | D:4      | Found a staircase to the Ecumenical Temple.
  3141 | D:4      | Reached skill level 1 in Armour
  3141 | D:4      | Reached XP level 5. HP: 10/29 MP: 1/12
  3242 | Temple   | Found a transporter.
  3242 | Temple   | Found a transporter.
  3242 | Temple   | Found a transporter.
  3242 | Temple   | Found a transporter.
  3242 | Temple   | Entered the Ecumenical Temple
  3258 | Temple   | Became a worshipper of Vehumet
  3434 | D:4      | Noticed a black bear
  3515 | D:4      | Found Sasi's Book Shoppe.
  3581 | D:4      | Killed a black bear
  3582 | D:4      | Reached skill level 4 in Spellcasting
  3582 | D:4      | Reached skill level 1 in Hexes
  3582 | D:4      | Reached XP level 6. HP: 26/34 MP: 14/14
  3618 | D:4      | You pick up a book of Minor Magic and begin reading...
  3618 | D:4      | You add the spells Magic Dart, Call Imp and Mephitic Cloud
                  | to your library.
  3652 | D:4      | You pick up a book of Sloth and begin reading...
  3652 | D:4      | You add the spells Frozen Ramparts, Petrify and Metabolic
                  | Englaciation to your library.
  3798 | D:4      | Noticed Menkaure
  3803 | D:4      | Killed Menkaure
  3804 | D:4      | Reached skill level 5 in Fire Magic
  3901 | D:4      | Found a blossoming altar of Fedhas.
  4035 | D:5      | Entered Level 5 of the Dungeon
  4215 | D:5      | Found a hide-covered altar of Uskayaw.
  4262 | D:5      | Reached skill level 2 in Hexes
  4274 | D:5      | Noticed a water moccasin
  4284 | D:5      | Reached skill level 2 in Fighting
  4284 | D:5      | Reached skill level 4 in Dodging
  4294 | D:5      | Killed a water moccasin
  4295 | D:5      | Reached skill level 3 in Conjurations
  4295 | D:5      | Reached XP level 7. HP: 29/40 MP: 15/15
  4492 | D:5      | Reached skill level 2 in Armour
  4855 | D:5      | Reached skill level 5 in Spellcasting
  4855 | D:5      | Reached skill level 3 in Hexes
  4931 | D:5      | Reached skill level 6 in Fire Magic
  4964 | D:5      | Found an opulent altar of Gozag.
  4994 | D:5      | Found a glowing golden altar of the Shining One.
  5214 | D:5      | Reached XP level 8. HP: 31/45 MP: 17/17
  5424 | D:6      | Found Umaitumm's Tremendous Tomes.
  5481 | D:6      | HP: 7/45 [centaur/arrow (6)]
  5668 | D:6      | Reached * piety under Vehumet
  5668 | D:6      | Offered knowledge of Shock by Vehumet.
  5708 | D:6      | Reached skill level 5 in Dodging
  5727 | D:6      | Learned a level 4 spell: Flame Wave
  5731 | D:6      | Reached skill level 4 in Conjurations
  5739 | D:6      | Reached skill level 4 in Hexes
  5743 | D:6      | Reached skill level 3 in Fighting
  5847 | D:6      | Found Veass's Lightly-Used Armoury.
  5862 | D:6      | Reached skill level 3 in Armour
  5910 | D:6      | Reached skill level 7 in Fire Magic
  6024 | D:6      | Reached skill level 6 in Spellcasting
  6066 | D:6      | Reached XP level 9. HP: 40/51 MP: 20/20
  6164 | D:6      | Identified the +5 scale mail "Bumez" {*Corrode Int+4
                  | Stlth+}
  6227 | D:6      | Offered knowledge of Momentum Strike by Vehumet.
  6248 | D:6      | Reached ** piety under Vehumet
  6631 | D:6      | Reached skill level 6 in Dodging
  6645 | D:6      | Reached skill level 5 in Conjurations
  6647 | D:6      | Reached skill level 8 in Fire Magic
  6817 | D:6      | Offered knowledge of Hailstorm by Vehumet.
  6927 | D:6      | Noticed a kobold demonologist
  7184 | D:6      | Reached skill level 4 in Fighting
  7184 | D:6      | Reached skill level 7 in Spellcasting
  7313 | D:6      | Noticed a rust devil
  7320 | D:6      | Killed a kobold demonologist
  7321 | D:6      | Reached skill level 4 in Armour
  7386 | D:7      | Reached *** piety under Vehumet
  7406 | D:7      | Noticed Joseph
  7488 | D:7      | Identified the +0 chain mail of Wu Jian {Rampage rF++}
  7560 | D:7      | Found a transporter.
  7561 | D:7      | Noticed a moth of wrath
  7616 | D:7      | Killed Joseph
  7617 | D:7      | Reached XP level 10. HP: 42/57 MP: 23/23
  7744 | D:7      | Found a transporter.
  7748 | D:7      | Noticed Graknight's ghost (novice GrFi)
  7786 | D:7      | Reached skill level 9 in Fire Magic
  8406 | D:8      | Noticed a boulder beetle
  8422 | D:8      | Killed a boulder beetle
  8422 | D:8      | Killed by an exploding boulder beetle... ignited by their
                  | inner flame

Vanquished Creatures
  A boulder beetle (D:8)
  Joseph (D:7)
  A kobold demonologist (D:6)
  Menkaure (D:4)
  3 water moccasins
  2 black bears
  An ice beast (D:6)
  A sky beast (D:6)
  4 ogres
  2 centaurs (D:6)
  2 phantoms
  4 gnoll sergeants (D:6)
  7 scorpions
  2 bullfrogs
  An electric eel (D:6)
  3 orc priests
  5 gnoll boudas
  8 hounds
  2 jellies (D:6)
  5 iguanas
  2 sleepcaps
  4 orc wizards
  30 gnolls
  9 adders
  2 shadow imps (D:6)
  A white imp (D:6)
  4 ufetubi
  3 worms
  4 dart slugs
  13 orcs
  4 bats
  6 endoplasms
  4 giant cockroaches
  3 goblins
  7 hobgoblins
  10 jackals
  4 quokkas
  7 ball pythons
  3 frilled lizards
  7 kobolds
  2 rats
185 creatures vanquished.

Vanquished Creatures (collateral kills)
  A foxfire (D:6)
1 creature vanquished.

Vanquished Creatures (others)
  597 foxfires
597 creatures vanquished.

Grand Total: 783 creatures vanquished

Table legend:
 A = Non-vault XP
 B = Vault XP
 C = Vault XP percentage of total XP
 D = Non-vault monster count
 E = Vault monster count
 F = Vault count percentage of total count
                 A         B        C        D         E       F
            +---------+---------+-------+---------+---------+-------
      Total |    2817 |    3999 |  58.7 |     120 |      65 |  35.1
            +---------+---------+-------+---------+---------+-------
        D:1 |      41 |       0 |   0.0 |      24 |       0 |   0.0
        D:2 |      72 |       0 |   0.0 |      18 |       0 |   0.0
        D:3 |      44 |       0 |   0.0 |       9 |       0 |   0.0
        D:4 |     277 |     172 |  38.3 |      16 |       1 |   5.9
        D:5 |     831 |       0 |   0.0 |      16 |       0 |   0.0
        D:6 |     981 |    2525 |  72.0 |      18 |      62 |  77.5
        D:7 |     571 |     481 |  45.7 |      19 |       1 |   5.0
        D:8 |       0 |     821 | 100.0 |       0 |       1 | 100.0
            +---------+---------+-------+---------+---------+-------

Skill      XL: |  1  2  3  4  5  6  7  8  9 10 |
---------------+-------------------------------+-----
Fighting       | 1 2 3 4 |  4.3
Fire Magic     | 4 5 6 7 8 9 |  9.0
Dodging        | 3 4 5 6 |  6.9
Conjurations   | 2 3 4 5 |  5.8
Armour         | 1 2 3 4 |  4.3
Spellcasting   | 4 5 6 7 |  7.5
Hexes          | 1 2 3 4 |  4.0
Stealth        | |  2.4

Action                     |  1- 3 |  4- 6 |  7- 9 | 10-12 || total
---------------------------+-------+-------+-------+-------++-------
  Melee: Whip              |     4 |     8 |       |       ||    12
         Staff             |       |       |     6 |       ||     6
   Cast: Foxfire           |    56 |    77 |   207 |    12 ||   352
         Scorch            |     6 |    15 |    77 |     8 ||   106
         Inner Flame       |       |     1 |     3 |     2 ||     6
         Flame Wave        |       |       |     4 |     1 ||     5
         Volatile Blastmot |       |       |       |     1 ||     1
    Use: Scroll            |       |     7 |    12 |     2 ||    21
         Potion            |       |     1 |       |       ||     1
 Armour: Robe              |    12 |    17 |    44 |       ||    73
         Scale mail        |       |       |    53 |    15 ||    68
  Dodge: Dodged            |    13 |    21 |    72 |     9 ||   115

Illustrated notes

Table legend:
 A = Kills in this place as a percentage of kills in the entire game.
 B = Kills by you in this place as a percentage of kills by you in the entire game.
 C = Kills by friends in this place as a percentage of kills by friends in the entire game.
 D = Other kills in this place as a percentage of other kills in the entire game.
 E = Experience gained in this place as a percentage of experience gained in the entire game.
 F = Experience gained in this place divided by the number of levels of this place that you have seen.
                   A       B       C       D       E      F
               +-------+-------+-------+-------+-------+----------------------
         Total | 100.0 | 100.0 |   N/A |   N/A | 100.0 | 757.3
       Dungeon | 100.0 | 100.0 |   N/A |   N/A | 100.0 | 852.0
               +-------+-------+-------+-------+-------+----------------------

Table legend: (Time is in decaauts)
 A = Elapsed time spent in this place.
 B = Non-inter-level travel time spent in this place.
 C = Inter-level travel time spent in this place.
 D = Time resting spent in this place.
 E = Time spent auto-exploring this place.
 F = Levels seen in this place.
 G = Mean time per level.
                   A        B        C        D        E       F      G
               +--------+--------+--------+--------+--------+-----+--------+
         Total |   8457 |   8142 |    315 |    103 |   6576 |   9 |  939.7 |
       Dungeon |   8426 |   8121 |    305 |    103 |   6576 |   8 | 1053.2 |
        Temple |     31 |     22 |      9 |      0 |      0 |   1 |   31.0 |
               +--------+--------+--------+--------+--------+-----+--------+

Top non-repeatable levels by time:
     D:6: 1991 daAuts
     D:5: 1360 daAuts
     D:2: 1324 daAuts
     D:7: 1016 daAuts
     D:4: 991 daAuts
     D:1: 948 daAuts
     D:3: 772 daAuts
  Temple: 31 daAuts
     D:8: 20 daAuts
